 Dungeon Crawl Stone Soup version 0.21.1-1-g345015f (webtiles) character file.

336 Mirai the Skirmisher (level 6, -2/49 HPs)
             Began as a Demonspawn Fighter on Apr 7, 2018.
             Killed by divine providence
             ... invoked by an orc priest
              (12 damage)
             ... on level 4 of the Dungeon.
             The game lasted 00:05:14 (1979 turns).

Mirai the Skirmisher (Demonspawn Fighter)           Turns: 1979, Time: 00:05:15

Health: -2/49      AC: 21    Str: 18    XL:     6   Next: 28%
Magic:  6/6        EV:  3    Int:  9    God:
Gold:   136        SH:  9    Dex: 13    Spells: 5/5 levels left

rFire    . . .     SeeInvis .   a - +0 war axe
rCold    . . .     Gourm    .   c - +0 shield
rNeg     . . .     Faith    .   q - +0 plate armour
rPois    .         Spirit   .   (helmet restricted)
rElec    .         Reflect  .   (no cloak)
rCorr    +         Harm     .   g - +0 pair of gloves
MR       .....                  (no boots)
Stlth    ..........             (no amulet)
HPRegen  0.16/turn              o - ring of resist corrosion
MPRegen  0.10/turn              (no ring)

@: sanguine armour, drained
A: antennae 1, sanguine armour 2
a: no special abilities


You were on level 4 of the Dungeon.
You were not hungry.

You visited 1 branch of the dungeon, and saw 4 of its levels.

You collected 136 gold pieces.

Inventory:

Hand Weapons
 a - a +0 war axe (weapon)
 d - a +0 war axe
Armour
 c - a +0 shield (worn)
 g - a +0 pair of gloves (worn)
 q - a +0 plate armour (worn)
Jewellery
 o - a ring of resist corrosion (left hand)
Scrolls
 b - 2 scrolls of teleportation {unknown}
 k - 4 scrolls of enchant weapon {unknown}
 l - 2 scrolls of identify {unknown}
 m - a scroll of immolation {unknown}
 n - 2 scrolls of enchant armour {unknown}
Potions
 i - a potion of might
Comestibles
 f - 10 rations
 h - 3 chunks of flesh


   Skills:
 + Level 4.3(4.0) Fighting
 + Level 3.3(2.9) Axes
 + Level 4.0(3.6) Armour
 + Level 4.0(3.6) Shields


You had 5 spell levels left.
You didn't know any spells.

Dungeon Overview and Level Annotations

Branches:
Dungeon (4/15)
 Temple: D:4-7

Altars:
Fedhas

Annotations:
D:4 Mirai's ghost, amateur DsFi


Innate Abilities, Weirdness & Mutations

You have a pair of small antennae on your head.
When seriously injured, your bleeding wounds create thick armour. (AC +9)


Message History

You hit something but do no damage. You closely miss Mirai's ghost.
You block Mirai's ghost's attack.
The orc priest mumbles some strange prayers to Beogh against you.
Beogh smites you!
Your blood congeals into armour.
Something hits you but does no damage.
Unknown command.
Sorry, you're not good enough to have a special ability.
You feel very mighty all of a sudden. Mirai's ghost hits you!
* * * LOW HITPOINT WARNING * * *
Something hits you but does no damage.
It was a potion of cancellation.
Your magical effects are unravelling.
You feel magically purged.
You feel a little less mighty now. Mirai's ghost hits you.
* * * LOW HITPOINT WARNING * * *
The orc priest invokes the aid of Beogh against you.
Beogh smites you!
You die...

....... .......#
.......#
###......#
......[.# #.
#.....# #
.#..o#####.....#..
....So{@W......#.#
##...####......#.#
#. #........#
####...†....#
#.........#...#
#.........# ...
#.........# ..
####......#
#.#..#.#


You could see an orc priest, Mirai's ghost, an adder and an orc.

Vanquished Creatures
  4 wights (D:3)
  An orc priest (D:3)
  Terence (D:3)
  An adder (D:3)
  An ooze (D:2)
  4 worms
  2 dart slugs
  3 leopard geckos
  10 orcs (D:3)
  A ball python (D:2)
  5 giant cockroaches
  7 goblins
  7 hobgoblins
  4 jackals
  8 kobolds
  5 quokkas
  3 bats
  4 frilled lizards
  5 rats
  7 fungi (D:4)
83 creatures vanquished.

Notes
Turn   | Place    | Note
-------+----------+-------------------------------------------
     0 | D:1      | Mirai the Demonspawn Fighter began the quest for the Orb.
     0 | D:1      | Reached XP level 1. HP: 18/18 MP: 1/1
   173 | D:1      | Gained mutation: You have a pair of small antennae on your head. [demonic ancestry]
   173 | D:1      | Reached XP level 2. HP: 23/24 MP: 2/2
   701 | D:2      | Reached XP level 3. HP: 21/29 MP: 3/3
  1252 | D:3      | Gained mutation: When seriously injured, your bleeding wounds create armour. (AC +9) [demonic ancestry]
  1252 | D:3      | Reached XP level 4. HP: 30/35 MP: 4/4
  1357 | D:3      | Noticed Terence
  1368 | D:3      | Killed Terence
  1401 | D:3      | Reached XP level 5. HP: 26/42 MP: 5/5
  1488 | D:3      | Gained mutation: When seriously injured, your bleeding wounds create thick armour. (AC +9) [demonic ancestry]
  1488 | D:3      | Reached XP level 6. HP: 21/48 MP: 6/6
  1850 | D:4      | Found a blossoming altar of Fedhas.
  1954 | D:4      | Noticed Mirai's ghost (amateur DsFi)
  1979 | D:4      | Killed from afar by an orc priest

Skill      XL: |  1  2  3  4  5  6 |
---------------+-------------------+-----
Axes           | 2 3 |  3.3
Armour         | 3 4 |  4.0
Shields        | 3 4 |  4.0
Fighting       | 4 |  4.3

Action                   |  1- 3 |  4- 6 || total
-------------------------+-------+-------++-------
Melee: War axe           |   123 |   105 ||   228
  Use: Potion            |       |     7 ||     7
 Stab: Invisible         |       |     3 ||     3
  Eat: Chunk             |     1 |     3 ||     4
Armor: Scale mail        |    56 |       ||    56
       Plate armour      |    37 |    58 ||    95
Dodge: Dodged            |    48 |     7 ||    55
Block: Shield            |    86 |    59 ||   145
